[ AOE2 MATCH · #493719736 ]
UnrankedWei vs Mongols
Player's team · LOSS
Rival team · WIN
[ REPLAY ANALYSIS · EXTRACTED FROM THE RECORDED GAME ]
Feudal
—
Castle
—
Imperial
—
| APM avg | 53.9 |
| APM peak | 108 |
| eAPM avg | 8.9 |
| Villagers / military | 18 / 0 |
Focus
⚔️ 19.0% · 🌾 81.0%
Feudal
8:11
Castle
—
Imperial
—
| APM avg | 71.4 |
| APM peak | 90 |
| eAPM avg | 19.8 |
| Villagers / military | 22 / 0 |
Focus
⚔️ 32.4% · 🌾 67.6%
Match map
Initial resources + every placement click. Lines = walls · curves = elevation contours. ◆ gold · ⬟ stone · ● berries · ✦ relic · ◌ wall gap
Your base
murtaZaaa's base
Smoothed initial terrain · ◌ = detected wall gap · hover for details
Inputs per minute
— DS_Le Cuack |Youtube Twitch| - - murtaZaaa
Build order — DS_Le Cuack |Youtube Twitch|
26 actions detected in the replay
| 0:01 | Queue | Villager (Male) ×4 |
| 0:03 | Build | House |
| 0:04 | Build | House |
| 1:33 | Queue | Villager (Male) |
| 1:45 | Build | Lumber Camp |
| 2:04 | Queue | Villager (Male) |
| 2:32 | Queue | Villager (Male) |
| 2:50 | Queue | Villager (Male) |
| 3:15 | Queue | Villager (Male) |
| 3:46 | Queue | Villager (Male) |
| 3:54 | Build | House |
| 4:18 | Queue | Villager (Male) |
| 4:18 | Queue | Villager (Male) |
| 4:24 | Build | Mill |
| 5:03 | Queue | Villager (Male) |
| 5:14 | Queue | Villager (Male) |
| 5:59 | Queue | Villager (Male) |
| 6:00 | Research | Loom |
| 6:53 | Queue | Villager (Male) |
| 7:23 | Queue | Villager (Male) |
| 7:35 | Build | Mill |
| 7:42 | Build | Farm |
| 7:44 | Build | Farm |
| 7:50 | Queue | Villager (Male) |
| 7:54 | Build | House |
| 8:05 | Build | Farm |
Build order — murtaZaaa
34 actions detected in the replay
| 0:00 | Queue | Villager (Male) ×4 |
| 0:01 | Build | House |
| 0:02 | Build | House |
| 1:29 | Queue | Villager (Male) |
| 1:29 | Queue | Villager (Male) |
| 1:52 | Build | Lumber Camp |
| 2:02 | Queue | Villager (Male) |
| 2:02 | Queue | Villager (Male) |
| 2:14 | Queue | Villager (Male) |
| 2:14 | Queue | Villager (Male) |
| 2:39 | Queue | Villager (Male) |
| 3:10 | Queue | Villager (Male) |
| 3:10 | Queue | Villager (Male) |
| 3:17 | Queue | Villager (Male) |
| 3:17 | Queue | Villager (Male) |
| 3:33 | Queue | Villager (Male) |
| 3:33 | Queue | Villager (Male) |
| 3:36 | Queue | Villager (Male) |
| 3:53 | Queue | Villager (Male) |
| 3:54 | Queue | Villager (Male) |
| 4:22 | Queue | Villager (Male) |
| 4:22 | Queue | Villager (Male) |
| 4:28 | Build | House |
| 5:23 | Build | Mill |
| 5:58 | Research | Feudal Age |
| 5:59 | Research | Feudal Age |
| 7:05 | Build | Barracks |
| 7:40 | Build | House |
| 7:41 | Build | House |
| 7:52 | Research | Loom |
| 7:52 | Research | Loom |
| 7:52 | Research | Loom |
| 8:11 | Age | Feudal Age |
| 8:15 | Build | Stable |
Match timeline
| 7:05 | murtaZaaa · first_building Barracks |
| 8:11 | murtaZaaa · age_up feudal |
| 8:15 | murtaZaaa · first_building Stable |
| 8:16 | DS_Le Cuack |Youtube Twitch| · resign |
[ AI ANALYSIS · 1 CREDIT ]
What really happened in this match?
Wolo.gg analyzes every decision: build order, eco, micro, common mistakes by bracket. Personalized analysis on WhatsApp or Discord in 30 seconds.
Civ guide
Wei
Perfil
Jugador #15077189